 Dungeon Crawl Stone Soup version 0.30-a0-6-g7c9e10e132 (webtiles) character file.

Game seed: 1082861445045363034

83575 ytrimaz the Warrior (level 15, -1/134 HPs)
             Began as a Demonspawn Monk on Aug 22, 2022.
             Was the Champion of Makhleb.
             Killed by divine providence
             ... invoked by Saint Roka
              (11 damage)
             ... on level 2 of the Orcish Mines.
             The game lasted 00:41:29 (23740 turns).

ytrimaz the Warrior (Demonspawn Monk)              Turns: 23740, Time: 00:41:29

Health: -1/134     AC: 16    Str: 16    XL:     15   Next: 32%
Magic:  24/24      EV: 22    Int: 19    God:    Makhleb [******]
Gold:   613        SH:  0    Dex: 19    Spells: 14/14 levels left

rFire   + . .      SeeInvis .      - Unarmed
rCold   . . .      Faith    .    (no shield)
rNeg    . . .      Spirit   .    C - +4 troll leather armour
rPois   .          Reflect  .    n - +2 hood of the Assassin {Detection Stab+ Stlth++}
rElec   +          Harm     .    l - +2 cloak
rCorr   +          Rampage  .    (no gloves)
Will    +....                    (no boots)
Stlth   ++++++....               L - amulet of Gozag, Smoking {Acrobat rElec MP+9}
HPRegen 1.12/turn                a - ring "Lutiek" {Wiz Slay+2 Stlth+}
MPRegen 0.19/turn                R - ring of Sukkualoo {rF+ rCorr Str+4 Dex+4 Stlth-}

@: hasted, very quick
A: claws 1, demonic guardian 2, sharp scales 3
a: Renounce Religion, Minor Destruction, Lesser Servant of Makhleb, Major
Destruction, Greater Servant of Makhleb


You were on level 2 of the Orcish Mines.
You worshipped Makhleb.
Makhleb was exalted by your worship.
You visited 4 branches of the dungeon, and saw 23 of its levels.
You also visited: Ossuary.

You collected 1951 gold pieces.
You spent 1338 gold pieces at shops.

Inventory:

Armour
 l - a +2 cloak (worn)
 n - the +2 hood of the Assassin (worn) {Detection Stab+ Stlth++}
   (You found it on level 4 of the Dungeon)

   It allows the wearer to sense nearby creatures.
   It allows the wearer to make particularly effective stabbing attacks against
   helpless or unaware enemies with any weapon.
   Stlth:     It makes you much more stealthy.
 x - a +1 ring mail of poison resistance
 C - a +4 troll leather armour (worn)
 F - a +0 plate armour
 G - the +3 leather armour "Uradgh" {rPois rC- Will+ Int+2}
   (You found it on level 2 of the Lair of Beasts)

   Int:       It affects your intelligence (+2).
   rC:        It makes you vulnerable to cold.
   rPois:     It protects you from poison.
   Will:      It increases your willpower.
Jewellery
 a - the ring "Lutiek" (left claw) {Wiz Slay+2 Stlth+}
   (You bought it in a shop on level 1 of the Orcish Mines)

   [ring of wizardry]

   It improves your spell success rate.
   Slay:      It affects your accuracy & damage with ranged weapons and melee
   (+2).
   Stlth:     It makes you more stealthy.
 d - an amulet of regeneration
 j - a ring of protection from cold
 t - a +4 ring of protection
 A - a +4 ring of protection
 J - a ring of see invisible
 L - the amulet of Gozag, Smoking (around neck) {Acrobat rElec MP+9}
   (You found it on level 4 of the Lair of Beasts)

   [amulet of the acrobat]

   It increases your evasion while moving and waiting.
   rElec:     It insulates you from electricity.
   MP:        It affects your magic capacity (+9).
 P - a ring of protection from fire
 Q - a ring of positive energy
 R - the ring of Sukkualoo (right claw) {rF+ rCorr Str+4 Dex+4 Stlth-}
   (You found it on level 13 of the Dungeon)

   [ring of protection from fire]

   Str:       It affects your strength (+4).
   Dex:       It affects your dexterity (+4).
   rF:        It protects you from fire.
   rCorr:     It protects you from acid and corrosion.
   Stlth:     It makes you less stealthy.
Wands
 f - a wand of mindburst (5)
 p - a wand of flame (17)
 v - a wand of polymorph (5)
 w - a wand of charming (28)
 y - a wand of quicksilver (7) (quivered)
 I - a wand of digging (8)
 K - a wand of roots (13)
Scrolls
 h - 2 scrolls of teleportation
 i - 8 scrolls of enchant weapon
 k - a scroll of silence
 m - 4 scrolls of poison
 o - 2 scrolls of amnesia
 q - 6 scrolls of butterflies
 s - 12 scrolls of identify
 u - a scroll of summoning
 E - 3 scrolls of magic mapping
Potions
 b - 12 potions of ambrosia
 c - 9 potions of mutation
 e - 2 potions of flight
 g - a potion of resistance
 r - 3 potions of attraction
 D - 11 potions of curing
 H - a potion of brilliance
 S - 3 potions of cancellation
Miscellaneous
 O - a box of beasts


   Skills:
 + Level 17.0 Fighting
 + Level 15.9 Dodging
 - Level 7.0 Stealth
 - Level 12.0 Unarmed Combat


You had 14 spell levels left.
You didn't know any spells.
Your spell library contained the following spells:

 Spells                   Type           Power      Damage    Failure   Level
 Apportation              Tloc           0%         N/A       11%         1
 Magic Dart               Conj           0%         1d3       11%         1
 Necrotise                Necr           0%         1d4       11%         1
 Sting                    Tmut/Pois      0%         1d3       11%         1
 Summon Small Mammal      Summ           0%         N/A       11%         1
 Poisonous Vapours        Pois/Air       0%         N/A       16%         2
 Searing Ray              Conj           0%         2d4       16%         2
 Dazzling Flash           Conj/Hex       0%         N/A       28%         3
 Gell's Gravitas          Tloc           0%         N/A       28%         3
 Ignite Poison            Fire/Tmut/Pois 0%         N/A       28%         3
 Lesser Beckoning         Tloc           0%         N/A       28%         3
 Mephitic Cloud           Conj/Pois/Air  0%         N/A       28%         3
 Teleport Other           Tloc           0%         N/A       28%         3
 Cause Fear               Hex            0%         N/A       65%         4
 Fulminant Prism          Conj/Hex       0%         3d6       65%         4
 Iskenderun's Mystic Bla  Conj/Tloc      0%         2d3       65%         4
 Leda's Liquefaction      Hex/Erth       0%         N/A       65%         4
 Olgreb's Toxic Radiance  Pois           0%         N/A       65%         4
 Passage of Golubria      Tloc           0%         N/A       65%         4
 Sticky Flame             Conj/Fire      0%         2d3       65%         4
 Freezing Cloud           Conj/Ice/Air   0%         6-21      93%         5
 Silence                  Hex/Air        0%         N/A       93%         5
 Death Channel            Necr           0%         N/A       100%        6
 Iron Shot                Conj/Erth      0%         9d1       100%        6
 Starburst                Conj/Fire      0%         6d3       100%        6
 Dragon Form              Tmut           0%         N/A       100%        7
 Lehudib's Crystal Spear  Conj/Erth      0%         10d2      100%        8
 Dragon's Call            Summ           0%         N/A       100%        9


Dungeon Overview and Level Annotations

Branches:
Dungeon (15/15)            Temple (1/1) D:7            Lair (5/5) D:11
  Swamp (0/4) Lair:3        Snake (0/4) Lair:3        Slime (0/5) Lair:4
    Orc (2/2) D:9          Depths (0/4) D:15        Ossuary (visited)
    Elf: Orc:2       Vaults: D:13-14

Altars:
Ashenzari
Cheibriados
Dithmenos
Fedhas
Gozag
Hepliaklqana
Kikubaaqudgha
Makhleb
Nemelex Xobeh
Okawaru
Qazlal
Ru
Sif Muna
Trog
Uskayaw
Vehumet
Wu Jian
Xom
Yredelemnul

Shops:
D:5 *   D:10 =   Orc:1 (==*

Annotations:
D:8 exclusions: downstairs and 2 killer bees
D:10 3 runed translucent doors, SirDiesAlot's ghost, novice MiGl
D:13 2 exclusions
Lair:1 2 transporters, Adrian566's ghost, journeyman DsFi
Lair:5 exclusion: door
Orc:2 Saint Roka


Innate Abilities, Weirdness & Mutations

You have sharp fingernails.
A demonic guardian rushes to your aid.
You are completely covered in razor-sharp scales. (AC +3, Slay +3)


Message History

Saint Roka hits your rust devil with a +3 war axe of freezing!
Saint Roka freezes your rust devil.
Your rust devil hits Saint Roka!
Saint Roka seems to be corroded for longer.
Saint Roka calls down the wrath of Beogh upon your rust devil.
Your rust devil is smitten.
Your rust devil dies!
Your rust devil disappears in a puff of smoke!
Unknown command.
Saint Roka mumbles some strange prayers to Beogh against you.
Beogh smites you!
* * * LOW HITPOINT WARNING * * *
You mangle Saint Roka!!
Saint Roka is severely wounded.
Saint Roka hits you with a +3 war axe of freezing.
* * * LOW HITPOINT WARNING * * *
Saint Roka freezes you.
* * * LOW HITPOINT WARNING * * *
Unknown command.
Unknown command.
You barely miss Saint Roka. You claw Saint Roka, but do no damage.
Saint Roka is severely wounded.
The orc priest looks encouraged for a moment.
Unknown command.
You mangle Saint Roka!! You claw Saint Roka.
Saint Roka is almost dead.
You hear a howl!
Saint Roka roars a battlecry!
Unknown command.
You scratch Saint Roka.
Saint Roka is almost dead.
The orc priest calls down the wrath of Beogh upon you.
Beogh smites you!
* * * LOW HITPOINT WARNING * * *
Unknown command.
You scratch Saint Roka.
Saint Roka is almost dead.
Saint Roka calls down the wrath of Beogh upon you.
Beogh smites you!
You die...

..<...............#.....#
.......#................#
..#............#..#..#.##
###..................###
# #...........#......#
......##......#
#......O..#†.##
##....##.))### ###.
{##@## # {{{#o#


{{ooo Ooh## ..### ... ...# .... You could see Saint Roka (corroded), a warg, 2
ogres, an orc priest (strong) and 3 orcs.

Vanquished Creatures
  Gastronok (Lair:2)
  A dire elephant (D:15)
  Azrael (D:15)
  A catoblepas (D:14)
  2 boulder beetles
  An ogre mage (D:15)
  7 hydras
  8 two-headed ogres
  5 centaur warriors (D:13)
  A tengu warrior (D:14)
  A deep elf knight (D:13)
  8 skeletal warriors
  A deep troll (Lair:4)
  2 bog bodies (Lair:3)
  4 lindwurms
  8 deep elf pyromancers
  An orc knight (Orc:1)
  A wolf spider (D:15)
  An orc sorcerer (Orc:1)
  4 manticores
  4 ugly things
  5 cyclopes
  3 elephants (Lair:2)
  A guardian serpent (shapeshifter) (D:13)
  6 black mambas
  4 molten gargoyles (D:10)
  12 cane toads
  5 torpor snails
  2 rime drakes
  Psyche (D:8)
  5 komodo dragons
  2 unseen horrors (D:13)
  A tengu conjurer (D:14)
  A queen bee (D:14)
  2 meliai (D:14)
  2 tyrant leeches (Lair:5)
  3 polar bears
  6 hornets (Lair:5)
  6 trolls
  18 blink frogs
  9 slime creatures
  3 shadows
  A wyvern (Lair:4)
  2 wraiths
  51 yaks
  9 basilisks
  A fire elemental (D:15)
  The ghost of frimble the Digger, an amateur DsEE of Cheibriados (D:5)
  9 vampire mosquitoes
  3 wargs
  An acid dragon (D:10)
  2 nagas (Lair:3)
  A two-headed ogre zombie (D:9)
  10 water moccasins
  3 hell hounds (D:15)
  3 black bears
  13 orc warriors
  5 ogres
  16 centaurs
  3 wolves (Lair:3)
  A phantom (D:6)
  Blork the orc (D:4)
  3 kobold brigands
  4 gnoll sergeants
  8 bullfrogs
  3 scorpions
  A necrophage (D:4)
  9 wights
  2 troll zombies (D:9)
  23 killer bees
  3 electric eels
  3 howler monkeys
  5 hounds
  2 centaur zombies (Ossuary)
  A jelly (D:6)
  9 orc priests
  Ijyb (D:3)
  7 iguanas
  22 orc wizards
  Terence (D:3)
  2 ogre zombies (D:9)
  A boggart simulacrum (D:14)
  6 mummies (Ossuary)
  17 gnolls
  12 adders
  2 river rats (D:5)
  2 shadow imps
  2 white imps (D:6)
  An ufetubus (D:7)
  5 worms
  A dart slug (D:2)
  41 orcs
  10 ball pythons
  6 endoplasms
  6 giant cockroaches
  10 goblins
  11 hobgoblins
  3 jackals (D:1)
  26 kobolds
  5 quokkas
  7 bats
  4 frilled lizards
  A goblin zombie (D:9)
  2 hobgoblin skeletons (D:9)
  9 hobgoblin zombies
  2 orc skeletons (D:9)
  13 orc zombies (D:9)
  6 rats
616 creatures vanquished.

Vanquished Creatures (collateral kills)
  A hydra (D:11)
  A two-headed ogre (D:9)
  A boulder beetle (D:11)
  A centaur warrior (D:13)
  A skeletal warrior (D:14)
  An orc knight (D:14)
  A lindwurm (Lair:5)
  Joseph (D:9)
  2 torpor snails
  2 hornets (Lair:5)
  A tyrant leech (Lair:5)
  2 blink frogs
  2 yaks (Lair:4)
  2 basilisks (Lair:5)
  A two-headed ogre zombie (D:9)
  An orc warrior (D:10)
  A centaur (D:13)
  2 wolves (Lair:3)
  A bullfrog (Lair:1)
  8 killer bees (D:14)
  3 orc wizards
  2 ogre zombies (D:9)
  6 orcs
  A goblin skeleton (D:9)
  2 orc zombies (D:9)
47 creatures vanquished.

Vanquished Creatures (others)
  A tengu warrior (D:13)
  A rime drake (shapeshifter) (D:13)
  A slime creature (D:13)
  A gnoll (Orc:1)
  8 fungi
  29 plants
41 creatures vanquished.

Grand Total: 704 creatures vanquished

Notes
Turn   | Place    | Note
-------+----------+-------------------------------------------
     0 | D:1      | ytrimaz the Demonspawn Monk began the quest for the Orb.
     0 | D:1      | Reached XP level 1. HP: 18/18 MP: 1/1
   319 | D:1      | Gained mutation: You have sharp fingernails. [demonic
                  | ancestry]
   319 | D:1      | Reached XP level 2. HP: 24/24 MP: 2/2
  1126 | D:2      | Gained mutation: You are partially covered in razor-sharp
                  | scales. (AC +1, Slay +1) [demonic ancestry]
  1126 | D:2      | Reached XP level 3. HP: 24/29 MP: 3/3
  2379 | D:2      | You fall into a shaft and drop 2 floors!
  2380 | D:4      | Noticed an angel
  2381 | D:4      | Found a shimmering altar of Xom.
  2425 | D:4      | Found the +2 hood of the Assassin {Detection Stab+ Stlth++}
  2433 | D:4      | Noticed a necrophage
  2436 | D:4      | Noticed a scorpion
  2437 | D:4      | Reached XP level 4. HP: 35/35 MP: 4/4
  2446 | D:4      | Killed a scorpion
  2465 | D:4      | Killed a necrophage
  2466 | D:4      | Reached XP level 5. HP: 25/40 MP: 5/5
  2793 | D:4      | Found a blossoming altar of Fedhas.
  2829 | D:4      | Noticed Blork the orc
  2843 | D:4      | Killed Blork the orc
  2844 | D:4      | Reached skill level 5 in Unarmed Combat
  3104 | D:4      | Reached XP level 6. HP: 34/47 MP: 6/6
  3445 | D:2      | Found a faded altar of an unknown god.
  3729 | D:3      | Noticed Terence
  3742 | D:3      | Killed Terence
  3790 | D:3      | Noticed Ijyb
  3807 | D:3      | Killed Ijyb
  4057 | D:3      | Found a radiant altar of Vehumet.
  4070 | D:3      | Found an ancient bone altar of Kikubaaqudgha.
  4080 | D:3      | Found a shimmering blue altar of Sif Muna.
  4188 | D:3      | Found a snail-covered altar of Cheibriados.
  4358 | D:4      | Reached XP level 7. HP: 52/52 MP: 7/7
  4902 | D:5      | Entered Level 5 of the Dungeon
  4925 | D:5      | Found a runed translucent door.
  4931 | D:5      | Noticed frimble's ghost (amateur DsEE)
  4949 | D:5      | Killed frimble's ghost
  4984 | D:5      | Found a runed translucent door.
  5066 | D:5      | Found Zavil's General Store.
  5087 | D:5      | Found a faded altar of an unknown god.
  5087 | D:5      | Found a faded altar of an unknown god.
  5089 | D:5      | Found a hazy altar of Hepliaklqana.
  5131 | D:5      | Found a sand-covered staircase.
  5285 | D:5      | Found a shadowy altar of Dithmenos.
  5362 | Ossuary  | Entered an ossuary
  6245 | D:5      | Reached XP level 8. HP: 44/58 MP: 8/8
  6654 | D:6      | Reached skill level 5 in Dodging
  7436 | D:6      | Gained mutation: A weak demonic guardian rushes to your
                  | aid. [demonic ancestry]
  7436 | D:6      | Reached XP level 9. HP: 45/63 MP: 9/9
  7963 | D:7      | Got Qaos's Monograph on the Inferno and Excavation
  8435 | D:7      | Found a staircase to the Ecumenical Temple.
  9067 | Temple   | Entered the Ecumenical Temple
  9234 | Temple   | Became a worshipper of Makhleb the Destroyer
  9234 | Temple   | Reached * piety under Makhleb
  9234 | Temple   | Reached ** piety under Makhleb
  9407 | D:8      | Noticed a deep elf pyromancer
  9427 | D:8      | Killed a deep elf pyromancer
  9428 | D:8      | Reached skill level 5 in Stealth
  9428 | D:8      | Noticed Psyche
  9474 | D:8      | Killed Psyche
  9475 | D:8      | Reached skill level 10 in Unarmed Combat
  9967 | D:8      | Found an opulent altar of Gozag.
 10041 | D:8      | Gained mutation: A demonic guardian rushes to your aid.
                  | [demonic ancestry]
 10041 | D:8      | Reached XP level 10. HP: 61/70 MP: 10/10
 10432 | D:9      | Noticed Joseph
 10473 | D:9      | Killed Joseph
 10565 | D:9      | Found a basalt altar of Yredelemnul.
 10606 | D:9      | Reached *** piety under Makhleb
 10704 | D:9      | Noticed a two-headed ogre
 10834 | D:9      | Found a staircase to the Orcish Mines.
 10990 | D:9      | Killed a two-headed ogre
 11180 | D:9      | Reached **** piety under Makhleb
 11231 | D:9      | Found a sacrificial altar of Ru.
 11412 | D:10     | Entered Level 10 of the Dungeon
 11446 | D:10     | Reached skill level 4 in Fighting
 11730 | D:10     | Found Utic's Jewellery Shoppe.
 11735 | D:10     | Bought a +4 ring of protection for 576 gold pieces
 11737 | D:10     | Noticed a molten gargoyle
 11756 | D:10     | Killed a molten gargoyle
 11774 | D:10     | Noticed a molten gargoyle
 11775 | D:10     | Noticed a molten gargoyle
 11781 | D:10     | Killed a molten gargoyle
 11782 | D:10     | Reached skill level 5 in Fighting
 11782 | D:10     | Gained mutation: You are mostly covered in razor-sharp
                  | scales. (AC +2, Slay +2) [demonic ancestry]
 11782 | D:10     | Reached XP level 11. HP: 50/80 MP: 11/11
 11803 | D:10     | HP: 3/80 [molten gargoyle/bolt of magma (14)]
 11806 | D:10     | Reached skill level 6 in Fighting
 11943 | D:10     | Found a runed translucent gate.
 11944 | D:10     | Found a runed translucent gate.
 11944 | D:10     | Found a runed translucent gate.
 11944 | D:10     | Noticed an 11-headed hydra
 11944 | D:10     | Noticed a nine-headed hydra
 11945 | D:10     | Noticed SirDiesAlot's ghost (novice MiGl)
 12487 | D:11     | Noticed a green ugly thing
 12512 | D:11     | Killed a green ugly thing
 12513 | D:11     | Reached skill level 7 in Fighting
 12633 | D:11     | Reached skill level 8 in Fighting
 12779 | D:11     | Noticed a boulder beetle
 12825 | D:11     | Killed a boulder beetle
 12906 | D:11     | Noticed a six-headed hydra
 12923 | D:11     | Killed a six-headed hydra
 12924 | D:11     | Reached skill level 9 in Fighting
 13078 | D:11     | Found a staircase to the Lair.
 13372 | D:12     | Noticed a boulder beetle
 13483 | Lair:1   | Entered Level 1 of the Lair of Beasts
 13595 | Lair:1   | Reached skill level 10 in Fighting
 13701 | Lair:1   | Reached skill level 11 in Fighting
 13768 | Lair:1   | Gained mutation: You are completely covered in razor-sharp
                  | scales. (AC +3, Slay +3) [demonic ancestry]
 13768 | Lair:1   | Reached XP level 12. HP: 87/100 MP: 12/12
 13768 | Lair:1   | Reached ***** piety under Makhleb
 13891 | Lair:1   | Noticed Adrian566's ghost (journeyman DsFi)
 13893 | Lair:1   | Noticed a seven-headed hydra
 13989 | Lair:1   | Found a transporter.
 13990 | Lair:1   | Found a transporter.
 14020 | Lair:1   | Reached skill level 12 in Fighting
 14575 | Lair:2   | Identified the +3 leather armour "Uradgh" {rPois rC- Will+
                  | Int+2}
 14644 | Lair:2   | Identified the +1 ring mail "Iluorik" {rCorr}
 14841 | Lair:2   | Noticed Gastronok
 14862 | Lair:2   | Killed Gastronok
 14863 | Lair:2   | Reached skill level 13 in Fighting
 14945 | Lair:2   | Noticed a five-headed hydra
 14967 | Lair:2   | Killed a five-headed hydra
 15174 | Lair:3   | Reached skill level 14 in Fighting
 15192 | Lair:3   | Found a staircase to the Snake Pit.
 15595 | Lair:3   | Found a staircase to the Swamp.
 15637 | Lair:3   | Reached XP level 13. HP: 114/114 MP: 13/13
 16231 | Lair:4   | Reached skill level 10 in Dodging
 16236 | Lair:4   | Identified the amulet of Gozag, Smoking {Acrobat rElec
                  | MP+9}
 16381 | Lair:4   | Reached skill level 15 in Fighting
 16702 | Lair:4   | Found a staircase to the Slime Pits.
 17191 | Lair:5   | Entered Level 5 of the Lair of Beasts
 17837 | Lair:5   | Found a runed translucent door.
 17877 | Lair:5   | Paralysed by a hornet for 2 turns
 18065 | Lair:5   | Identified the +6 hand axe "Simosauz" {spect, rPois}
 18138 | Lair:5   | Paralysed by a hornet for 3 turns
 18201 | Lair:5   | Noticed a fire dragon
 18897 | D:12     | Reached XP level 14. HP: 89/124 MP: 14/14
 19174 | D:12     | Reached ****** piety under Makhleb
 19725 | D:13     | Reached skill level 16 in Fighting
 19862 | D:13     | Identified the ring of Sukkualoo {rF+ rCorr Str+4 Dex+4
                  | Stlth-}
 19865 | D:13     | Got the Teachings on Combative Misery
 19868 | D:13     | Identified the +4 morningstar of Suejouraet {flame, rElec
                  | rC+ Int-3}
 21503 | D:14     | Found a sparkling altar of Nemelex Xobeh.
 21688 | D:15     | Entered Level 15 of the Dungeon
 21848 | D:15     | Reached skill level 15 in Dodging
 21853 | D:15     | Reached XP level 15. HP: 95/132 MP: 15/15
 22589 | D:15     | Noticed Azrael
 22616 | D:15     | Killed Azrael
 22761 | D:15     | Found a staircase to the Depths.
 22972 | Orc:1    | Entered Level 1 of the Orcish Mines
 23106 | Orc:1    | Found Itwibb's Jewellery Emporium.
 23145 | Orc:1    | Bought the ring "Lutiek" {Wiz Slay+2 Stlth+} for 723 gold
                  | pieces
 23244 | Orc:1    | Found Witahargh's Jewellery Emporium.
 23272 | Orc:1    | Reached skill level 17 in Fighting
 23454 | Orc:1    | Found Usoetut's Antique Weapon Emporium.
 23505 | Orc:1    | Found Meuruul's General Store.
 23513 | Orc:1    | Bought a scroll of teleportation for 39 gold pieces
 23621 | Orc:2    | Entered Level 2 of the Orcish Mines
 23694 | Orc:2    | Noticed Saint Roka
 23740 | Orc:2    | Killed from afar by Saint Roka

Illustrated notes

Levels and vault maps discovered:
D:1:      minmay_arrival_solitary_statue, layout_rooms, serial_bayou_pond_c
D:2:      layout_loops_ring, hellmonk_ecumenical_altar_lost_god
D:3:      layout_basic, palyth_temple_overflow_mages, slow_altar_2,
          uniq_terence, uniq_ijyb
D:4:      layout_loops_corners, grunt_temple_overflow_order_and_chaos_1,
          fedhas_ov_isle_minmay, minmay_circle_x, uniq_blork_the_orc
D:5:      layout_loops_ring, nicolae_dithmenos_shadow_blocks, elyvilon_altar_5,
          nicolae_hepliaklqana_ecumenical_no_more, ebering_ghost_sewer_f,
          nicolae_ossuary_entry_false_entrances, serial_shops, shop
D:6:      minmay_chambers_of_threes, layout_rooms, cheibrodos_sewer_entry_bend,
          chequers_serial_rivers_micro_b
D:7:      layout_basic, temple_statues
D:8:      layout_cave_pools, grunt_gozag_statues, grunt_decor_junction,
          uniq_psyche
D:9:      layout_big_octagon, nicolae_ru_great_annihilating_truth,
          mainiacjoe_overflow_catwalk, zombieorc2_lemuel, uniq_joseph
D:10:     layout_roguey, gammafunk_ghost_hydra_chop, serial_co_window_serial,
          co_window_cross_1, co_window_corner_a, co_window_paths_a,
          co_window_corner_a, co_window_of_opportunity_a,
          co_window_of_opportunity_c, co_window_corner_b, co_window_corner_b,
          co_window_corner_cb, co_window_paths_c, co_window_broadway_c,
          glass_columns_c, glass_columns_a, serial_shops, shop, minivault_8
D:11:     layout_loops_cross, lair_entry_dummy
D:12:     layout_basic, nrook_campfire
D:13:     layout_cave_pods, grunt_vaults_entry_fortified,
          minmay_the_grid_square_5x5_3x3_mashed
          [minmay_the_grid_square_5x5_hourglass,
          minmay_the_grid_square_5x5_shuriken, minmay_the_grid_square_5x5_empty,
          minmay_the_grid_square_5x5_eight,
          minmay_the_grid_square_5x5_megaprize_open,
          minmay_the_grid_square_5x5_spiral_small,
          minmay_the_grid_square_5x5_broken_cross,
          minmay_the_grid_square_5x5_two_walls_b,
          minmay_the_grid_square_5x5_lines]
D:14:     layout_roguey [special_room_bee], nemelex_xobeh_ov_fountains_minmay,
          hex_large
D:15:     hangedman_depths_entry_try_elsewhere_first, layout_basic,
          minmay_misc_feat_rows, chequers_serial_rivers_micro_a, uniq_azrael
Temple:   compressed_dpeg_triangle_lava_temple
Lair:1:   layout_gridlike, gammafunk_ghost_arena, serial_bayou_shore_b
Lair:2:   layout_concentric_octagons, eino_small_chamber_without_monster,
          uniq_gastronok
Lair:3:   layout_gridlike, skrybe_swamp_entry_bodies,
          guppyfry_snake_entry_island, infiniplex_staircase_pool_2,
          grunt_megastairs_1
Lair:4:   dreamdust_cave_troll, layout_regular_city, slime_entry_1
Lair:5:   wormcave, layout_small_grid, nicolae_quartered_pool_little,
          kennysheep_basilisk_garden, serial_bayou_shore_a, lemuel_fruit_fields
Orc:1:    layout_caves, serial_shops, shop, shop, nicolae_shop_waterfront,
          nicolae_diamond_shop, basic_altar
Orc:2:    st_orc_town, layout_caves, serial_shops, shop, uniq_rupert,
          uniq_saint_roka

Skill      XL: |  1  2  3  4  5  6  7  8  9 10 11 12 13 14 15 |
---------------+----------------------------------------------+-----
Dodging        | 3 4 6 7 8 9 12 15 | 15.9
Unarmed Combat | 3 4 5 6 7 8 10 12 | 12.0
Stealth        | 3 4 5 7 |  7.0
Fighting       | 5 11 14 15 16 17 | 17.0

Action                   |  1- 3 |  4- 6 |  7- 9 | 10-12 | 13-15 || total
-------------------------+-------+-------+-------+-------+-------++-------
Melee: Unarmed           |   148 |   128 |   475 |   808 |  1178 ||  2737
       Punch             |     6 |     5 |    24 |    67 |   127 ||   229
Evoke: Wand              |       |     3 |     3 |     5 |       ||    11
  Use: Scroll            |     9 |     3 |    10 |     9 |     9 ||    40
       Potion            |       |     9 |     6 |     4 |     9 ||    28
 Stab: Sleeping          |     3 |    14 |    26 |    19 |    26 ||    88
       Distracted        |     1 |       |     1 |     4 |     1 ||     7
       Invisible         |       |       |     1 |     1 |       ||     2
       Paralysed         |       |       |       |     1 |       ||     1
Armor: Robe              |    31 |       |       |       |       ||    31
       Leather armour    |       |    31 |   170 |    18 |       ||   219
       Skin              |       |       |    13 |       |       ||    13
       Ring mail         |       |       |       |   314 |   251 ||   565
       Troll leather arm |       |       |       |     9 |   500 ||   509
Dodge: Dodged            |   115 |    62 |   282 |   550 |  1331 ||  2340

Table legend: (Time is in decaauts)
 A = Elapsed time spent in this place.
 B = Non-inter-level travel time spent in this place.
 C = Inter-level travel time spent in this place.
 D = Time resting spent in this place.
 E = Time spent auto-exploring this place.
 F = Levels seen in this place.
 G = Mean time per level.
                   A        B        C        D        E       F      G
               +--------+--------+--------+--------+--------+-----+--------+
         Total |  23335 |  22154 |   1181 |    997 |  15140 |  24 |  972.3 |
       Dungeon |  16675 |  15793 |    882 |    833 |  10650 |  15 | 1111.7 |
        Temple |    174 |    141 |     33 |      0 |    133 |   1 |  174.0 |
          Lair |   5160 |   4916 |    244 |     31 |   3543 |   5 | 1032.0 |
  Orcish Mines |    722 |    701 |     21 |      0 |    448 |   2 |  361.0 |
       Ossuary |    603 |    603 |      0 |    133 |    366 |   1 |  603.0 |
               +--------+--------+--------+--------+--------+-----+--------+

Top non-repeatable levels by time:
     D:2: 1599 daAuts
     D:4: 1474 daAuts
     D:6: 1445 daAuts
  Lair:4: 1364 daAuts
     D:7: 1360 daAuts
  Lair:5: 1198 daAuts
    D:10: 1139 daAuts
    D:15: 1118 daAuts
    D:13: 1115 daAuts
     D:1: 1114 daAuts
     D:9: 1038 daAuts
  Lair:3: 1011 daAuts
     D:5: 1008 daAuts
    D:11: 977 daAuts
    D:12: 930 daAuts
